AoeStats
← Khirs

Black Forest

507523399Analyzed
4v4 RM · 13d ago on Sep 18, 2026· 49m 5s· 8 players
Game mode
Random Map
Map size
Large (8 player)
Population
200
Speed
Normal
Resources
Standard
Victory
Conquest
Starting age
Dark Age
Ending age
Imperial Age
RankedLock teamsTeams togetherTeam positionsShared explorationLock speedFull tech treeHidden civsTurbo modeCheats
Victory
Defeat
🇹🇼 Bohemians · Taiwan
868
+15
🇨🇭 Hindustanis · Switzerland
862
+15
🇮🇳 Khmer · India
838
+16
🇹🇼 Turks · Taiwan
767
+19
🇪🇸 Celts · Spain
912
-19
🇸🇰 Khmer · Slovakia
888
-18
🇩🇪 Burgundians · Germany
817
-15
🇪🇸 Teutons · Spain
765
-13
Spieler32626386
0:39 Loom
10:58 Feudal Age
12:05 Double-Bit Axe
12:37 Horse Collar
18:54 Castle Age
17:42 Gold Mining
17:43 Stone Mining
19:54 Wheelbarrow
20:37 Gold Shaft Mining
20:30 Heavy Plow
21:20 Hand Cart
24:24 Caravan
25:22 Bow Saw
26:37 Grand Trunk Road
26:46 Grand Trunk Road
28:08 Town Watch
32:12 Imperial Age
30:33 Stone Shaft Mining
31:02 Padded Archer Armor
31:58 Leather Archer Armor
31:34 Fletching
32:14 Ballistics
32:05 Masonry
34:08 Chemistry
33:42 Ring Archer Armor
33:07 Bodkin Arrow
34:29 Siege Engineers
34:49 Conscription
34:30 Shatagni
36:28 Two-Man Saw
36:47 Coinage
36:28 Bracer
36:34 Scale Barding Armor
36:40 Forging
38:00 Fortified Wall
40:35 Chain Barding Armor
43:58 Iron Casting
43:24 Scale Mail Armor
43:59 Plate Barding Armor
43:57 Murder Holes
46:56 Hoardings
47:01 Chain Mail Armor
47:47 Blast Furnace
49:24 Banking
s520s
0:29 Loom
11:57 Feudal Age
16:07 Castle Age
15:28 Double-Bit Axe
15:52 Horse Collar
19:34 Chemistry
33:52 Fortified Wall
36:14 Imperial Age
35:43 Wheelbarrow
35:10 Padded Archer Armor
35:01 Fletching
36:07 Caravan
36:59 Leather Archer Armor
37:51 Bow Saw
37:43 Heavy Plow
37:49 Town Watch
38:49 Siege Engineers
39:43 Houfnice
40:46 Hand Cart
41:58 Conscription
41:48 Wagenburg Tactics
42:01 Town Patrol
tadasu
9:46 Loom
12:08 Feudal Age
12:35 Double-Bit Axe
12:32 Horse Collar
12:44 Gold Mining
12:46 Stone Mining
14:58 Wheelbarrow
19:46 Castle Age
20:47 Bow Saw
20:39 Heavy Plow
26:50 Fervor
27:15 Hand Cart
29:51 Caravan
31:55 Gold Shaft Mining
34:32 Imperial Age
33:48 Padded Archer Armor
35:27 Leather Archer Armor
36:27 Two-Man Saw
34:53 Elite Janissary
35:36 Artillery
35:57 Conscription
36:17 Guilds
kailashsaravanaraj
5:25 Loom
11:20 Feudal Age
12:14 Double-Bit Axe
12:47 Stone Mining
13:52 Horse Collar
15:04 Wheelbarrow
15:45 Gold Mining
18:59 Castle Age
23:30 Hand Cart
24:53 Stone Shaft Mining
24:39 Bow Saw
28:08 Forging
28:04 Scale Barding Armor
29:22 Caravan
30:15 Scale Barding Armor
34:49 Imperial Age
32:46 Town Watch
33:16 Herbal Medicine
33:36 Town Patrol
33:48 Tusk Swords
35:54 Iron Casting
36:52 Conscription
36:43 Elite Ballista Elephant
38:37 Double Crossbow
39:20 Hoardings
38:50 Fletching
39:31 Masonry
40:52 Architecture
40:54 Ballistics
42:48 Chemistry
41:59 Fortified Wall
41:59 Siege Engineers
42:55 Chemistry
41:51 Murder Holes
42:10 Fortified Wall
44:08 Bodkin Arrow
Khirs
0:39 Loom
13:37 Feudal Age
14:07 Double-Bit Axe
14:07 Horse Collar
22:02 Castle Age
20:18 Stone Mining
20:23 Gold Mining
20:31 Fletching
21:58 Forging
23:00 Bodkin Arrow
23:30 Bow Saw
23:55 Heavy Plow
25:20 Scale Mail Armor
34:41 Imperial Age
33:41 Pikeman
35:06 Stone Shaft Mining
35:29 Iron Casting
35:09 Fortified Wall
35:22 Ballistics
35:45 Conscription
36:09 Wheelbarrow
36:03 Town Watch
37:03 Crop Rotation
38:06 Two-Man Saw
37:44 Coinage
38:22 Hand Cart
40:49 Blast Furnace
39:14 Onager
41:38 Chemistry
40:51 Masonry
42:12 Ironclad
41:15 Elite Teutonic Knight
42:34 Chain Mail Armor
41:57 Halberdier
46:22 Crenellations
45:53 Cavalier
Epic Noob
14:55 Feudal Age
17:40 Castle Age
15:32 Horse Collar
15:39 Double-Bit Axe
22:30 Bow Saw
22:32 Heavy Plow
25:13 Caravan
30:49 Scale Barding Armor
30:54 Forging
33:24 Imperial Age
31:32 Wheelbarrow
34:51 Conscription
34:34 Double Crossbow
33:59 Elite Ballista Elephant
35:44 Chain Barding Armor
35:59 Iron Casting
35:31 Padded Archer Armor
35:21 Fletching
35:26 Gold Mining
36:57 Chemistry
36:18 Ballistics
35:26 Heavy Scorpion
35:30 Pikeman
36:36 Hand Cart
36:59 Gold Shaft Mining
37:06 Crop Rotation
36:56 Halberdier
39:22 Onager
42:19 Plate Barding Armor
42:44 Blast Furnace
41:57 Light Cavalry
42:48 Bloodlines
42:40 Hussar
[BF] Mister Leo
0:30 Loom
13:53 Feudal Age
14:21 Double-Bit Axe
14:19 Horse Collar
14:58 Town Watch
21:35 Castle Age
20:54 Man-at-Arms
21:22 Arson
21:54 Forging
21:47 Scale Mail Armor
22:38 Bow Saw
22:57 Heavy Plow
22:28 Pikeman
26:39 Wheelbarrow
26:06 Town Patrol
29:16 Gold Mining
32:37 Imperial Age
32:40 Chain Mail Armor
32:44 Capped Ram
33:50 Halberdier
34:48 Siege Ram
36:25 Iron Casting
36:59 Fortified Wall
37:10 Ballistics
37:03 Onager
37:37 Long Swordsman
40:13 Conscription
39:49 Stronghold
41:33 Furor Celtica
43:21 Gold Shaft Mining
43:22 Siege Onager
47:26 Chemistry
46:19 Heated Shot
Haudinida
0:26 Loom
12:28 Feudal Age
11:47 Double-Bit Axe
11:44 Horse Collar
13:21 Bow Saw
15:15 Wheelbarrow
17:24 Town Watch
17:32 Gold Mining
22:28 Castle Age
20:40 Heavy Plow
20:42 Stone Mining
21:19 Caravan
22:20 Gold Shaft Mining
24:19 Hand Cart
25:19 Fletching
28:55 Bodkin Arrow
31:45 Imperial Age
29:16 Treadmill Crane
31:36 Two-Man Saw
31:13 Crop Rotation
34:55 Bracer
35:07 Forging
35:10 Masonry
34:57 Murder Holes
35:50 Stone Shaft Mining
36:00 Elite Skirmisher
37:07 Burgundian Vineyards
37:38 Hoardings
39:03 Chemistry
38:24 Ballistics
38:36 Architecture
38:18 Fortified Wall
38:52 Town Patrol
39:32 Iron Casting
38:58 Padded Archer Armor
39:05 Pikeman
39:45 Squires
39:30 Arson
41:28 Conscription
40:40 Elite Coustillier
40:59 Halberdier
43:54 Leather Archer Armor
43:40 Scale Mail Armor
44:41 Blast Furnace
46:12 Chain Mail Armor
46:04 Scale Barding Armor
48:33 Husbandry
49:05 Chain Barding Armor
49:17 Plate Mail Armor
Connection lost

Rejoining the realm…

Still unreachable

The connection could not be restored.

Session expired

The server has moved on; the page needs a fresh start.